 Dungeon Crawl Stone Soup version 0.21.1-1-g345015f (webtiles) character file.

67 Mirai the Covered (level 3, -5/33 HPs)
             Began as a Minotaur Fighter on Mar 21, 2018.
             Slain by a gnoll
             ... wielding a +0 spear
              (7 damage)
             ... on level 3 of the Dungeon.
             The game lasted 00:06:43 (1626 turns).

Mirai the Covered (Minotaur Fighter)                Turns: 1626, Time: 00:06:43

Health: -5/33      AC:  8    Str: 21    XL:     3   Next: 98%
Magic:  2/2        EV:  8    Int:  5    God:
Gold:   53         SH:  9    Dex:  9    Spells: 2/2 levels left

rFire    . . .     SeeInvis .   a - +0 war axe
rCold    . . .     Gourm    .   c - +0 shield
rNeg     . . .     Faith    .   b - +0 scale mail
rPois    .         Spirit   .   (helmet restricted)
rElec    .         Reflect  .   (no cloak)
rCorr    .         Harm     .   j - +0 pair of gloves
MR       .....                  (no boots)
Stlth    ..........             (no amulet)
HPRegen  0.11/turn              (no ring)
MPRegen  0.08/turn              (no ring)

@: lethally poisoned (-5 -> -6)
A: retaliatory headbutt, horns 2
a: no special abilities


You were on level 3 of the Dungeon.
You were not hungry.

You visited 1 branch of the dungeon, and saw 3 of its levels.

You collected 53 gold pieces.

Inventory:

Hand Weapons
 a - a +0 war axe (weapon)
Armour
 b - a +0 scale mail (worn)
 c - a +0 shield (worn)
 j - a +0 pair of gloves (worn)
Jewellery
 e - an uncursed ring of ice
Scrolls
 g - a scroll of fear {unknown}
 m - a scroll of blinking {unknown}
 n - a scroll of amnesia {unknown}
 o - a scroll of identify {unknown}
Potions
 d - a potion of might
 h - a potion of haste {unknown}
 k - 4 potions of curing {unknown}
 l - 2 potions of agility {unknown}
Comestibles
 f - 5 rations
 i - a chunk of flesh


   Skills:
 + Level 4.0 Fighting
 + Level 3.2 Axes
 + Level 4.4 Armour
 * Level 1.3 Dodging
 + Level 4.1 Shields


You had 2 spell levels left.
You didn't know any spells.

Dungeon Overview and Level Annotations

Branches:
Dungeon (3/15)

Altars:
Makhleb
Sif Muna
Zin


Innate Abilities, Weirdness & Mutations

You reflexively headbutt those who attack you in melee.
You have a pair of horns on your head.


Message History

The bat completely misses you. The orc hits you with a falchion.
The gnoll barely misses you. The orc wizard casts a spell at you.
You resist with significant effort. The orc hits you with a falchion.
* * * LOW HITPOINT WARNING * * *
Your shield and scale mail prevent you from hitting the orc.
The orc is heavily wounded.
The bat hits you but does no damage. You block the gnoll's attack.
The orc barely misses you. The bat hits you but does no damage.
The gnoll hits you from afar with a spear.
* * * LOW HITPOINT WARNING * * *
A hobgoblin comes into view.
Your shield prevents you from hitting the bat.
You kill the bat!
You hit the orc but do no damage. You block the orc's attack.
The orc wizard casts a spell at you. The magic dart hits you!
* * * LOW HITPOINT WARNING * * *
The gnoll hits you from afar with a spear!
You die...

...g.......#. ..#
#............
....#.g..........
.#..#............
.................
......g..l...#$..
.....gg#†(#......
......o##g)......
.......@<####..$.
.####.†...# ..
##.o.## #...#
#...# .....
....... (...8...
..........


You could see an orc wizard, 3 gnolls, an orc, a hobgoblin and a goblin.

Vanquished Creatures
  2 adders
  A worm (D:2)
  A dart slug (D:1)
  A leopard gecko (D:1)
  3 orcs
  4 bats
  2 giant cockroaches
  2 goblins (D:1)
  5 hobgoblins
  4 jackals (D:2)
  4 frilled lizards
  4 kobolds
  7 rats
40 creatures vanquished.

Notes
Turn   | Place    | Note
-------+----------+-------------------------------------------
     0 | D:1      | Mirai the Minotaur Fighter began the quest for the Orb.
     0 | D:1      | Reached XP level 1. HP: 19/19 MP: 0/0
   291 | D:1      | Reached XP level 2. HP: 23/27 MP: 1/1
   905 | D:2      | Noticed a cacodemon
   906 | D:2      | Found a burning altar of Makhleb.
   911 | D:2      | Found a glowing silver altar of Zin.
   911 | D:2      | Noticed an angel
   992 | D:2      | Reached XP level 3. HP: 23/33 MP: 2/2
   994 | D:2      | Reached skill level 1 in Dodging
  1360 | D:2      | Found a deep blue altar of Sif Muna.
  1626 | D:3      | Slain by a gnoll

Skill      XL: |  1  2  3 |
---------------+----------+-----
Armour         | 4 |  4.4
Dodging        | 1 |  1.3
Shields        | 4 |  4.1
Fighting       | 4 |  4.0
Axes           | 3 |  3.2

Action                   || total
-------------------------++-------
Melee: War axe           ||    90
       Headbutt          ||    15
  Eat: Chunk             ||     2
Armor: Scale mail        ||    49
Dodge: Dodged            ||    35
Block: Shield            ||    65
